 Dungeon Crawl Stone Soup version 0.21.1-1-g345015fe64 (webtiles) character file.

288989 VanClaymore the Bludgeoner (level 20, -3/132 HPs)
             Began as a Gargoyle Monk on Mar 28, 2018.
             Was the Champion of Vehumet.
             Slain by a double sword of venom (17 damage)
             ... on level 2 of the Elven Halls on Apr 2, 2018.
             The game lasted 04:20:51 (48047 turns).

VanClaymore the Bludgeoner (Gargoyle Monk)         Turns: 48047, Time: 04:20:52

Health: -3/132     AC: 28    Str: 20    XL:     20   Next: 71%
Magic:  0/35       EV: 14    Int: 19    God:    Vehumet [******]
Gold:   943        SH: 14    Dex: 14    Spells: 1/42 levels left

rFire    + + +     SeeInvis .   a - +4 eveningstar "Liredif" {freeze, Str+2}
rCold    + + .     Gourm    .   j - +2 shield
rNeg     + + .     Faith    .   Z - +3 ring mail {rF+}
rPois    ∞         Spirit   +   C - -2 hat of the Alchemist {rElec rPois rF+ rC+ rN+ MR+ rMut rCorr}
rElec    +         Reflect  .   n - scarf {rC+ rF+}
rCorr    +         Harm     .   e - +2 pair of gloves
rMut     +                      w - +1 pair of boots {Stlth+}
MR       +++..                  s - amulet of guardian spirit
Stlth    +++.......             r - ring of resist corrosion
HPRegen  0.32/turn              p - ring of Raoruj {rPois MR+ Int+4}
MPRegen  0.24/turn

@: flying, studying Earth Magic
A: big wings, blurry vision 1, negative energy resistance 1, electricity
resistance, unbreathing, petrification resistance, rot immunity, AC +15
}: 2/15 runes: serpentine, barnacled
a: Stop Flying, Renounce Religion


You were on level 2 of the Elven Halls.
You worshipped Vehumet.
Vehumet was exalted by your worship.
You were not hungry.

You visited 6 branches of the dungeon, and saw 33 of its levels.
You visited 1 bazaar.
You also visited: Volcano and Wizlab.

You collected 3628 gold pieces.
You spent 2685 gold pieces at shops.

Inventory:

Hand Weapons
 a - the +4 eveningstar "Liredif" (weapon) {freeze, Str+2}
   (You found it on level 9 of the Dungeon)

   It has been specially enchanted to freeze those struck by it, causing extra
   injury to most foes and up to half again as much damage against particularly
   susceptible opponents.
   It can also slow down cold-blooded creatures.
   It affects your strength (+2).
 b - the +9 hand crossbow "Odaohari" {velocity, rC- MR+ Str+4}
   (You found it on level 1 of the Snake Pit)

   Any bolt fired from it inflicts extra damage.
   It affects your strength (+4).
   It makes you vulnerable to cold.
   It affects your resistance to hostile enchantments.
 y - a +3 demon whip of draining
 Y - the +10 battleaxe "Ushiann" {chop, rF+ rN+ Int+3 Dex-4}
   (You found it on level 4 of the Lair of Beasts)

   It inflicts extra damage upon your enemies.
   It affects your intelligence (+3).
   It affects your dexterity (-4).
   It protects you from fire.
   It protects you from negative energy.
Missiles
 K - 19 javelins of penetration (quivered)
 L - 158 bolts
Armour
 e - a +2 pair of gloves (worn)
 j - a +2 shield (worn)
 n - a scarf of resistance (worn)
 w - a +1 pair of boots of stealth (worn)
 C - the -2 hat of the Alchemist (worn) {rElec rPois rF+ rC+ rN+ MR+ rMut rCorr}
   (You bought it in a shop on level 1 of the Elven Halls)

   It protects you from fire.
   It protects you from cold.
   It insulates you from electricity.
   It protects you from poison.
   It protects you from negative energy.
   It affects your resistance to hostile enchantments.
   It protects you from acid and corrosion.
   It protects you from mutation.
 O - a +1 helmet of see invisible
 Z - a +3 ring mail of fire resistance (worn)
Jewellery
 p - the ring of Raoruj (right hand) {rPois MR+ Int+4}
   (You bought it in a shop on level 2 of the Orcish Mines)

   [ring of poison resistance]

   It affects your intelligence (+4).
   It protects you from poison.
   It affects your resistance to hostile enchantments.
 r - a ring of resist corrosion (left hand)
 s - an amulet of guardian spirit (around neck)
Wands
 o - a wand of scattershot (11)
 q - a wand of enslavement (11)
 z - a wand of iceblast (21)
 G - a wand of clouds (5)
 J - a wand of paralysis (13)
 M - a wand of acid (12)
 T - a wand of digging (25)
Scrolls
 g - 8 scrolls of teleportation
 h - 8 scrolls of identify
 v - 5 scrolls of magic mapping
 I - 8 scrolls of remove curse
 Q - 2 scrolls of silence
 S - a scroll of blinking
 W - 4 scrolls of fog
 X - 5 scrolls of fear
Potions
 f - 5 potions of berserk rage
 i - 3 potions of heal wounds
 k - 2 potions of haste
 l - 7 potions of curing
 m - 7 potions of brilliance
 t - a potion of ambrosia
 u - 2 potions of invisibility
 x - 5 potions of resistance
 A - 2 potions of might
 D - 5 potions of cancellation
 N - 2 potions of mutation
 P - 3 potions of magic
Books
 B - a manual of Earth Magic
Miscellaneous
 F - a lightning rod (4/4)
 R - a lamp of fire
 V - a phial of floods
Comestibles
 c - 41 rations
 d - 3 chunks of flesh


   Skills:
 * Level 16.7 Fighting
 + Level 1.2(10.9) Axes
 + Level 17.3 Maces & Flails
 + Level 4.3 Crossbows
 + Level 1.1 Throwing
 * Level 8.5 Armour
 + Level 7.8 Dodging
 + Level 6.4 Stealth
 + Level 10.5 Shields
 * Level 11.8 Spellcasting
 + Level 11.2 Conjurations
 + Level 2.2 Hexes
 + Level 10.5 Translocations
 + Level 10.7 Fire Magic
 + Level 10.7 Earth Magic
 + Level 4.1 Evocations


You had one spell level left.
You knew the following spells:

 Your Spells              Type           Power        Failure   Level  Hunger
a - Fireball              Conj/Fire      ######....   1%          5    ####...
b - Force Lance           Conj/Tloc      ######..     1%          4    ##.....
c - Bolt of Fire          Conj/Fire      ######....   8%          6    ######.
d - Iskenderun's Mystic   Conj           ######..     1%          4    ##.....
e - Fulminant Prism       Conj/Hex       #####.....   3%          4    ##.....
f - Bolt of Magma         Conj/Fire/Erth ######....   1%          5    ####...
g - Iron Shot             Conj/Erth      ######....   8%          6    ######.
h - Ensorcelled Hibernat  Hex/Ice        ###...       16%         2    None
i - Confuse               Hex            ###.....     21%         3    None
j - Blink                 Tloc           N/A          1%          2    None


Dungeon Overview and Level Annotations

Branches:
Dungeon (15/15)            Temple (0/1) D:4            Lair (6/6) D:11
 Shoals (4/4) Lair:4        Snake (4/4) Lair:2        Slime (0/5) Lair:5
    Orc (2/2) D:10            Elf (2/3) Orc:2        Vaults (0/5) D:13
 Depths (0/5) D:15

Altars:
Ashenzari
Fedhas
Gozag
Makhleb
Nemelex Xobeh
Trog
Vehumet
Xom
Zin
The Shining One
Beogh
Jiyva

Shops:
D:8 !   Orc:1 *   Orc:2 =*[}   Elf:1 [(   Snake:2 :   Snake:4 !

Annotations:
Lair:5 1 runed door


Innate Abilities, Weirdness & Mutations

You are resistant to torment.
Your stone body is resilient. (AC +15)
You are immune to poison.
Your large and strong wings let you fly indefinitely.
You resist negative energy. (rN+)
You are resistant to electric shocks. (rElec)
You can survive without breathing.
You are immune to petrification.
You are immune to rotting.
Scrolls take you a little longer to read.


Message History

You block the ice beast's attack.
The short sword of electrocution hits you.
* * * LOW HITPOINT WARNING * * *
You feel much better.
The glaive of chopping hits you from afar!
* * * LOW HITPOINT WARNING * * *
The double sword of venom hits you but does no damage.
The short sword of electrocution closely misses you.
The double sword of venom barely misses you.
You block the short sword of electrocution's attack.
You block the double sword of venom's attack.
The glaive of chopping hits you from afar.
* * * LOW HITPOINT WARNING * * *
x2 You block the short sword of electrocution's attack.
The short sword of electrocution hits you.
* * * LOW HITPOINT WARNING * * *
The short sword of electrocution hits you but does no damage.
The short sword of electrocution hits you but does no damage.
The double sword of venom hits you!!
You die...

#...######################..#####
#...'..........?.........#..#....
#...#................>...'..#....
#.).#.......:............#..#....
#...##'########'##########..#####
'.............<..................
#................................
#................................
################@###########+####
..<......^.......(...............
.................(...............
..................(..............
........###########.(............
...)....##≈≈≈# #eY.....)......
........##≈#≈# #.Y............
........##⌠#≈######.........<....
...)....#...≈≈≈≈≈8.Y...........).


You could see a deep elf mage, 2 ice beasts and 4 dancing weapons.

Vanquished Creatures
  Gastronok (Lair:2)
  Polyphemus (Shoals:3)
  Ilsuiw (Shoals:3)
  7 nagarajas
  The ghost of Jannitor the Covert, an adept HaCK of Xom (Lair:6)
  A deep elf sorcerer (Elf:1)
  Nessos (D:12)
  A stone giant (D:12)
  A deep elf annihilator (Elf:1)
  A dire elephant (D:14)
  11 purple draconians (WizLab)
  9 statues (WizLab)
  The ghost of VanClaymore the Basher, a journeyman GrMo of Qazlal (D:14)
  7 merfolk javelineers
  11 merfolk impalers
  2 fire dragons
  Erolcha (D:12)
  The ghost of Oravi the Slicer, a journeyman HaFi of Okawaru (Lair:1)
  A deep elf high priest (Elf:1)
  2 merfolk avatars
  2 vault guards (D:13)
  7 hydras
  5 merfolk aquamancers (Shoals:4)
  2 catoblepae
  21 naga warriors
  3 centaur warriors (D:13)
  6 death yaks
  13 dancing weapons
  26 two-headed ogres
  3 ogre magi
  3 alligator snapping turtles
  16 anacondas
  A queen ant (Lair:2)
  The ghost of VanClaymore the Cruncher, a journeyman GrMo of Ru (D:10)
  A hell hog (Volcano)
  17 naga sharpshooters
  Sonja (D:13)
  14 shock serpents
  3 deep elf knights
  11 salamander mystics
  13 sea snakes
  3 unseen horrors
  2 deep trolls (Orc:1)
  7 naga ritualists
  5 lindwurms
  4 necromancers (D:13)
  A wolf spider zombie (D:15)
  4 oklob plants (Lair:1)
  19 salamanders
  3 fauns (Shoals:2)
  An orc sorcerer (Orc:1)
  16 mana vipers
  6 cyclopes
  56 deep elf magi
  15 manticores
  12 elephants
  3 centaur zombies
  Joseph (D:7)
  9 guardian serpents
  22 naga magi
  Psyche (D:9)
  A torpor snail (Lair:6)
  2 molten gargoyles (Lair:6)
  51 black mambas
  13 merfolk sirens
  4 water nymphs
  17 spiny frogs
  A gargoyle (D:14)
  2 centaur skeletons
  2 kobold demonologists (D:11)
  14 komodo dragons
  A rime drake (Lair:5)
  13 trolls
  25 merfolk
  7 wind drakes
  23 blink frogs
  3 hornets
  Prince Ribbit (D:6)
  9 snapping turtles
  6 slime creatures
  4 dream sheep
  9 hippogriffs
  A hippogriff (shapeshifter) (D:13)
  4 air elementals (Elf:1)
  A shadow (D:11)
  4 wyverns
  5 water elementals
  9 redbacks
  3 basilisks
  A tarantella (shapeshifter) (Elf:2)
  2 wraiths
  46 yaks
  6 fire bats (Volcano)
  19 humans (D:13)
  A fire elemental (Elf:1)
  4 hungry ghosts
  5 steam dragons
  7 vampire mosquitoes (D:13)
  Edmund (D:6)
  2 wargs
  21 soldier ants
  45 nagas
  5 hell hounds
  2 acid dragons
  12 water moccasins
  7 porcupines
  3 black bears
  13 orc warriors
  2 sky beasts
  An eye of draining (D:11)
  4 phantoms
  2 ice beasts
  6 necrophages
  31 ogres
  20 wolves
  4 centaurs
  12 crocodiles
  Blork the orc (D:5)
  18 bullfrogs
  A big kobold (D:11)
  An earth elemental (Elf:1)
  2 wyvern skeletons
  2 water moccasin zombies (D:6)
  5 scorpions
  18 killer bees
  10 wights
  6 electric eels
  4 howler monkeys
  7 crimson imps
  3 bullfrog zombies
  2 quasits (D:11)
  6 lava snakes
  13 hounds
  3 jellies
  Crazy Yiuf (D:5)
  12 orc priests
  A gnoll shaman (D:9)
  18 orc wizards
  3 iguanas
  29 worker ants
  2 hound skeletons
  11 adders
  7 gnolls (D:9)
  4 shadow imps
  An ooze (D:4)
  An adder skeleton (D:4)
  A worm (D:3)
  2 dart slugs
  6 leopard geckos
  52 orcs
  5 bats
  4 giant cockroaches
  9 goblins
  10 hobgoblins
  5 jackals
  2 quokkas
  4 frilled lizards
  A jackal zombie (D:7)
  12 kobolds
  A quokka skeleton (D:8)
  4 rats
  A fulminant prism (D:15)
  2 plants
1253 creatures vanquished.

Vanquished Creatures (collateral kills)
  An orc high priest (Orc:1)
  A salamander (Snake:2)
  A naga mage (Snake:2)
  2 dream sheep (Shoals:4)
  Grum (D:8)
  A naga (Snake:2)
  A warg (Orc:1)
  A centaur (D:8)
  An ogre (Orc:1)
  A wolf (D:8)
  A quasit (D:8)
  A hound (D:8)
  An iguana (D:8)
  A worker ant (D:8)
  3 gnolls (D:9)
18 creatures vanquished.

Vanquished Creatures (others)
  A two-headed ogre (D:8)
  A merfolk aquamancer (Shoals:2)
  2 deep elf magi (Elf:1)
  A manticore (Shoals:2)
  A wizard (D:3)
  2 salamanders
  A naga mage (Snake:1)
  2 merfolk (Shoals:2)
  A hippogriff (Shoals:2)
  A water elemental (Shoals:2)
  A gnoll sergeant (D:9)
  A hound (D:9)
  An orc wizard (D:7)
  3 gnolls (D:9)
  A river rat (D:11)
  A kobold (D:11)
  A bush (D:6)
  42 fulminant prisms
  12 fungi (Lair:6)
  23 plants
99 creatures vanquished.

Grand Total: 1370 creatures vanquished

Notes
Turn   | Place    | Note
-------+----------+-------------------------------------------
     0 | D:1      | VanClaymore the Gargoyle Monk began the quest for the Orb.
     0 | D:1      | Reached XP level 1. HP: 14/14 MP: 1/1
    92 | D:1      | Reached XP level 2. HP: 18/19 MP: 2/2
   664 | D:2      | Reached XP level 3. HP: 22/23 MP: 3/3
   712 | D:2      | Found a faded altar of an unknown god.
   721 | D:2      | Became a worshipper of Vehumet
   721 | D:2      | Reached * piety under Vehumet
   721 | D:2      | Offered knowledge of Shock by Vehumet.
   721 | D:2      | Reached ** piety under Vehumet
   877 | D:2      | Reached *** piety under Vehumet
   970 | D:2      | Offered knowledge of Freeze by Vehumet.
  1040 | D:2      | Reached XP level 4. HP: 25/29 MP: 4/4
  1170 | D:3      | Offered knowledge of Throw Frost by Vehumet.
  1258 | D:3      | Reached skill level 4 in Maces & Flails
  1340 | D:3      | Found a sparkling altar of Nemelex Xobeh.
  1407 | D:3      | Offered knowledge of Conjure Flame by Vehumet.
  1479 | D:3      | Reached XP level 5. HP: 25/33 MP: 5/5
  1657 | D:3      | Found a bloodstained altar of Trog.
  1658 | D:3      | Noticed a wizard
  1664 | D:3      | Killed a wizard
  1850 | D:3      | Reached **** piety under Vehumet
  2016 | D:4      | Reached skill level 1 in Armour
  2016 | D:4      | Reached skill level 1 in Shields
  2022 | D:4      | Offered knowledge of Fireball by Vehumet.
  2100 | D:4      | Reached XP level 6. HP: 38/38 MP: 6/6
  2285 | D:4      | Found a burning altar of Makhleb.
  2296 | D:4      | Reached skill level 5 in Maces & Flails
  2336 | D:4      | Reached skill level 1 in Spellcasting
  2540 | D:4      | Found a staircase to the Ecumenical Temple.
  2657 | D:4      | Reached XP level 7. HP: 33/44 MP: 8/8
  2868 | D:5      | Entered Level 5 of the Dungeon
  2893 | D:5      | Identified 3 scrolls of acquirement
  2894 | D:5      | Got a clouded ivory ring
  2896 | D:5      | Identified the ring "Cith" {*Contam +Fly rPois Str+2} (You acquired it on level 5 of the Dungeon)
  2925 | D:5      | Gained mutation: Scrolls take you a little longer to read. [mutagenic glow]
  3167 | D:5      | Noticed Blork the orc
  3181 | D:5      | Killed Blork the orc
  3259 | D:5      | Learned a level 5 spell: Fireball
  3271 | D:5      | Found a glowing golden altar of the Shining One.
  3356 | D:5      | Found a glowing silver altar of Zin.
  3560 | D:5      | Reached skill level 6 in Maces & Flails
  3745 | D:5      | Found a runed door.
  3749 | D:5      | Noticed Crazy Yiuf
  3753 | D:5      | Killed Crazy Yiuf
  3799 | D:6      | Reached XP level 8. HP: 47/48 MP: 11/11
  3829 | D:6      | Reached skill level 1 in Fire Magic
  3915 | D:6      | Noticed Prince Ribbit
  3927 | D:6      | Killed Prince Ribbit
  3927 | D:6      | Reached skill level 1 in Conjurations
  4081 | D:6      | Found a radiant altar of Vehumet.
  4198 | D:6      | Reached skill level 5 in Fighting
  4404 | D:6      | Noticed Edmund
  4425 | D:6      | Killed Edmund
  4473 | D:6      | Learned a level 4 spell: Force Lance
  4488 | D:6      | Found a blossoming altar of Fedhas.
  4606 | D:6      | Reached skill level 7 in Maces & Flails
  4627 | D:6      | Reached XP level 9. HP: 54/54 MP: 13/13
  4711 | D:7      | Found a blossoming altar of Fedhas.
  4738 | D:7      | Noticed Joseph
  4759 | D:7      | Killed Joseph
  4838 | D:7      | Reached skill level 8 in Maces & Flails
  5186 | D:7      | Reached skill level 1 in Evocations
  5390 | D:7      | Reached ***** piety under Vehumet
  5408 | D:7      | Offered knowledge of Bolt of Fire by Vehumet.
  5416 | D:7      | Learned a level 6 spell: Bolt of Fire
  5707 | D:8      | Found a shimmering altar of Xom.
  5861 | D:8      | Reached XP level 10. HP: 53/61 MP: 16/16
  5987 | D:8      | Reached skill level 1 in Translocations
  5990 | D:8      | Reached skill level 9 in Maces & Flails
  6011 | D:8      | Found Item's Distillery.
  6222 | D:8      | Found a shattered altar of Ashenzari.
  6470 | D:8      | Noticed Grum
  6487 | D:8      | Noticed a two-headed ogre
  6514 | D:8      | Killed Grum
  7212 | D:9      | Reached skill level 5 in Spellcasting
  7236 | D:9      | Reached skill level 10 in Maces & Flails
  7393 | D:9      | Got a crude eveningstar
  7394 | D:9      | Identified the +4 eveningstar "Liredif" {freeze, Str+2} (You found it on level 9 of the Dungeon)
  7442 | D:9      | Learned a level 4 spell: Iskenderun's Mystic Blast
  7492 | D:9      | Noticed Psyche
  7502 | D:9      | Paralysed by Psyche for 7 turns
  7510 | D:9      | Killed Psyche
  7510 | D:9      | Reached XP level 11. HP: 60/67 MP: 14/18
  8045 | D:10     | Entered Level 10 of the Dungeon
  8057 | D:10     | Reached skill level 5 in Conjurations
  8478 | D:10     | Found an opulent altar of Gozag.
  8694 | D:10     | Found a staircase to the Orcish Mines.
  8705 | D:10     | Found a roughly hewn altar of Beogh.
  8710 | D:10     | Offered knowledge of Yara's Violent Unravelling by Vehumet.
  8965 | D:10     | Noticed VanClaymore's ghost (journeyman GrMo)
  9004 | D:10     | Killed VanClaymore's ghost
  9004 | D:10     | Reached skill level 5 in Fire Magic
  9091 | D:11     | Reached skill level 11 in Maces & Flails
  9232 | D:11     | Noticed a two-headed ogre
  9242 | D:11     | Killed a two-headed ogre
  9443 | D:11     | Noticed a five-headed hydra
  9449 | D:11     | Killed a five-headed hydra
 10039 | D:11     | Reached XP level 12. HP: 72/73 MP: 21/21
 10312 | D:11     | Found a staircase to the Lair.
 10359 | D:11     | Noticed a two-headed ogre
 10365 | D:11     | Killed a two-headed ogre
 10365 | D:11     | Reached skill level 12 in Maces & Flails
 10558 | D:12     | Noticed Nessos
 10570 | D:12     | Killed Nessos
 10804 | D:12     | Noticed Nergalle
 10808 | D:12     | Noticed Nergalle
 10808 | D:12     | Nergalle changed into Nergalle the redback
 10811 | D:12     | Killed Nergalle the redback
 10852 | D:12     | Noticed a two-headed ogre
 10852 | D:12     | Noticed a two-headed ogre
 10862 | D:12     | Killed a two-headed ogre
 10866 | D:12     | Killed a two-headed ogre
 10927 | D:12     | Noticed Erolcha
 10954 | D:12     | Killed Erolcha
 11068 | D:12     | Noticed a seven-headed hydra
 11074 | D:12     | Killed a seven-headed hydra
 11112 | D:12     | Learned a level 4 spell: Fulminant Prism
 11119 | D:12     | Noticed a two-headed ogre
 11124 | D:12     | Noticed a two-headed ogre
 11132 | D:12     | Killed a two-headed ogre
 11137 | D:12     | Killed a two-headed ogre
 11147 | D:12     | Noticed a two-headed ogre
 11152 | D:12     | Killed a two-headed ogre
 11159 | D:12     | Noticed a stone giant
 11168 | D:12     | Noticed a two-headed ogre
 11172 | D:12     | Found the +6 shillelagh "Devastator" {shatter}
 11208 | D:12     | Killed a stone giant
 11269 | D:12     | Noticed a two-headed ogre
 11275 | D:12     | Killed a two-headed ogre
 11275 | D:12     | Reached XP level 13. HP: 52/80 MP: 12/23
 11472 | D:12     | Reached skill level 13 in Maces & Flails
 12339 | D:13     | Reached skill level 5 in Translocations
 12672 | D:13     | Reached ****** piety under Vehumet
 12694 | D:13     | HP: 4/81 [manticore (2)]
 13482 | D:13     | Noticed Sonja
 13487 | D:13     | Killed Sonja
 13530 | D:13     | Offered knowledge of Iskenderun's Battlesphere by Vehumet.
 13691 | D:13     | Found a gate to the Vaults.
 13691 | D:13     | Noticed a vault guard
 13691 | D:13     | Noticed a vault guard
 13724 | D:13     | Killed a vault guard
 13729 | D:13     | Killed a vault guard
 13729 | D:13     | Reached skill level 10 in Fighting
 13731 | D:13     | Reached skill level 5 in Stealth
 13748 | D:13     | Reached skill level 14 in Maces & Flails
 13972 | D:13     | Gained mutation: Your large and strong wings let you fly indefinitely. [Gargoyle growth]
 13972 | D:13     | Reached XP level 14. HP: 88/88 MP: 11/24
 14534 | D:14     | Noticed VanClaymore's ghost (journeyman GrMo)
 14582 | D:14     | Killed VanClaymore's ghost
 15515 | D:15     | Entered Level 15 of the Dungeon
 15590 | D:15     | Found a staircase to the Depths.
 15590 | D:15     | Noticed a dire elephant
 15628 | D:14     | Killed a dire elephant
 16157 | D:15     | Found a portal to a secret trove of treasure.
 16561 | D:15     | Reached skill level 5 in Dodging
 16760 | D:15     | Reached skill level 1 in Hexes
 17609 | Lair:1   | Entered Level 1 of the Lair of Beasts
 18069 | Lair:1   | Noticed Oravi's ghost (journeyman HaFi)
 18118 | Lair:1   | Killed Oravi's ghost
 18818 | Lair:2   | Reached skill level 15 in Maces & Flails
 18847 | Lair:2   | Offered knowledge of Bolt of Magma by Vehumet.
 18954 | Lair:2   | Reached XP level 15. HP: 67/93 MP: 25/27
 19033 | Lair:2   | Reached skill level 5 in Shields
 19315 | Lair:2   | Learned a level 5 spell: Bolt of Magma
 19371 | Lair:2   | Found a staircase to the Snake Pit.
 19482 | Lair:2   | Reached skill level 1 in Earth Magic
 19504 | Lair:2   | Noticed Gastronok
 19550 | Lair:2   | Killed Gastronok
 20294 | Lair:3   | Found a burning altar of Makhleb.
 20493 | Lair:3   | Offered knowledge of Iron Shot by Vehumet.
 21326 | Lair:4   | Got a slimy battleaxe
 21529 | Lair:4   | Found a staircase to the Shoals.
 22483 | Lair:5   | Noticed an azure jelly
 22483 | Lair:5   | Noticed an azure jelly
 22484 | Lair:5   | Found a runed door.
 22484 | Lair:5   | Found a viscous altar of Jiyva.
 22484 | Lair:5   | Found a staircase to the Slime Pits.
 22484 | Lair:5   | Noticed an azure jelly
 23215 | Lair:6   | Entered Level 6 of the Lair of Beasts
 23215 | Lair:6   | Noticed Jannitor's ghost (adept HaCK)
 23400 | Lair:6   | Killed Jannitor's ghost
 23400 | Lair:6   | Reached skill level 5 in Earth Magic
 23957 | Lair:6   | Offered knowledge of Spellforged Servitor by Vehumet.
 24020 | Lair:6   | Reached XP level 16. HP: 89/100 MP: 28/28
 24059 | Lair:6   | Reached skill level 10 in Conjurations
 24397 | Lair:6   | Found a large runed door.
 24458 | Lair:6   | Found a large runed door.
 25453 | Orc:1    | Entered Level 1 of the Orcish Mines
 25530 | Orc:1    | Found Deelenol's General Store.
 25615 | Orc:1    | Found a dark tunnel.
 25631 | Volcano  | Entered a volcano
 26301 | Orc:2    | Entered Level 2 of the Orcish Mines
 26301 | Orc:2    | Found a staircase to the Elven Halls.
 26432 | Orc:2    | Identified the +10 battleaxe "Ushiann" {chop, rF+ rN+ Int+3 Dex-4} (You found it on level 4 of the Lair of Beasts)
 26454 | Orc:2    | Offered knowledge of Poison Arrow by Vehumet.
 26455 | Orc:2    | Reached skill level 5 in Armour
 26491 | Orc:1    | Reached skill level 1 in Axes
 27516 | Orc:2    | Found Soeh's Antique Armour Shop.
 27559 | Orc:2    | Found Qimae's Jewellery Shoppe.
 27564 | Orc:2    | Found Wisypocre's Gadget Boutique.
 27565 | Orc:2    | Found Haqar's General Store.
 27567 | Orc:2    | Bought the ring of Raoruj {rPois MR+ Int+4} for 492 gold pieces
 27594 | Orc:2    | Bought a scroll of identify for 24 gold pieces
 27594 | Orc:2    | Bought a scroll of identify for 24 gold pieces
 27674 | Orc:2    | Bought a jet-encrusted chain mail for 332 gold pieces
 27684 | Orc:2    | Identified the cursed +1 chain mail of Failure {-Tele rPois Str+7} (You bought it in a shop on level 2 of the Orcish Mines)
 28131 | Snake:1  | Entered Level 1 of the Snake Pit
 28196 | Snake:1  | Reached skill level 16 in Maces & Flails
 28196 | Snake:1  | Reached skill level 1 in Throwing
 28862 | Snake:1  | Reached XP level 17. HP: 94/108 MP: 24/30
 29181 | Snake:1  | Got a faintly glowing hand crossbow
 29197 | Snake:1  | Identified the +9 hand crossbow "Odaohari" {velocity, rC- MR+ Str+4} (You found it on level 1 of the Snake Pit)
 29827 | Snake:2  | Reached skill level 10 in Fire Magic
 30166 | Snake:2  | Offered knowledge of Fire Storm by Vehumet.
 30166 | Snake:2  | Offered knowledge of Glaciate by Vehumet.
 30166 | Snake:2  | Offered knowledge of Chain Lightning by Vehumet.
 30671 | Snake:2  | Found Ytysyuc's Book Boutique.
 30709 | Snake:2  | Got an aquamarine-encrusted chain mail
 30720 | Snake:2  | Identified the +1 chain mail of the Townfolk {Str+4 Dex+6} (You found it on level 2 of the Snake Pit)
 31856 | Snake:3  | Reached skill level 10 in Earth Magic
 33655 | Snake:4  | Entered Level 4 of the Snake Pit
 34032 | Snake:4  | Reached XP level 18. HP: 73/115 MP: 26/31
 34610 | Snake:4  | Reached skill level 1 in Crossbows
 34843 | Snake:4  | Found Oczy's Distillery.
 35027 | Snake:4  | Reached skill level 10 in Spellcasting
 37640 | Snake:4  | Reached XP level 19. HP: 29/122 MP: 33/33
 37963 | Snake:4  | Got a serpentine rune of Zot
 38357 | Shoals:1 | Entered Level 1 of the Shoals
 38682 | Shoals:1 | Learned a level 6 spell: Iron Shot
 39565 | Shoals:2 | Found a flickering gateway to a bazaar.
 39626 | Bazaar   | Entered a bazaar
 39626 | Bazaar   | Found Huttotra's Magic Scroll Boutique.
 39626 | Bazaar   | Found Birifoq's Armour Shop.
 39626 | Bazaar   | Found Wighab's Antique Armour Boutique.
 39626 | Bazaar   | Found Cerisut's Armour Shop.
 39626 | Bazaar   | Found Bathi's General Store.
 39646 | Bazaar   | Bought a scroll of enchant weapon for 90 gold pieces
 39664 | Bazaar   | Bought 2 javelins of penetration for 43 gold pieces
 40047 | Shoals:2 | Reached skill level 10 in Translocations
 40389 | Shoals:2 | Reached skill level 15 in Fighting
 41097 | Shoals:3 | Noticed Ilsuiw
 41151 | Shoals:3 | Killed Ilsuiw
 41450 | Shoals:3 | Noticed Polyphemus
 41471 | Shoals:3 | Killed Polyphemus
 42081 | Shoals:4 | Entered Level 4 of the Shoals
 43031 | Shoals:4 | Got a barnacled rune of Zot
 43492 | Shoals:4 | Learned a level 2 spell: Ensorcelled Hibernation
 43496 | Shoals:4 | Learned a level 3 spell: Confuse
 44057 | Elf:1    | Entered Level 1 of the Elven Halls
 44070 | Elf:1    | Reached skill level 10 in Shields
 44152 | Elf:1    | Reached skill level 17 in Maces & Flails
 44233 | Elf:1    | Reached XP level 20. HP: 122/131 MP: 33/35
 44765 | Elf:1    | Found Xuagur's Weapon Shop.
 44765 | Elf:1    | Found Oplatzej's Antique Armour Boutique.
 44780 | Elf:1    | Bought the -2 hat of the Alchemist {rElec rPois rF+ rC+ rN+ MR+ rMut rCorr} for 1463 gold pieces
 44780 | Elf:1    | Found the -2 hat of the Alchemist {rElec rPois rF+ rC+ rN+ MR+ rMut rCorr}
 44780 | Elf:1    | Bought a scorched leather armour for 217 gold pieces
 44790 | Elf:1    | Identified the +3 leather armour "Feguush" {rElec rC+} (You bought it in a shop on level 1 of the Elven Halls)
 44869 | Elf:1    | Identified the Guide on Conjuration and Summoning
 45509 | Elf:2    | Found a magical portal.
 45518 | WizLab   | Entered Iskenderun's Mystic Tower
 47070 | WizLab   | Identified Iskenderun's Catalogue of Battle Magic
 47070 | WizLab   | Identified Iskenderun's Almanac of Conjuration
 47099 | WizLab   | Learned a level 2 spell: Blink
 47293 | Elf:2    | Found a runed gate.
 47293 | Elf:2    | Found a runed gate.
 47294 | Elf:2    | Found a runed gate.
 48034 | Elf:2    | HP: 5/132 [glaive of flaming (6)]
 48036 | Elf:2    | HP: 2/132 [short sword of electrocution (3)]
 48047 | Elf:2    | Slain by a double sword of venom

Skill      XL: |  1  2  3  4  5  6  7  8  9 10 11 12 13 14 15 16 17 18 19 20 |
---------------+-------------------------------------------------------------+-----
Dodging        | 3 4 5 6 7 |  7.8
Maces & Flails | 4 5 6 7 8 10 11 12 14 15 16 17 | 17.3
Fighting       | 4 5 6 7 9 10 11 12 13 14 15 16 | 16.7
Armour         | 1 2 3 4 5 6 7 8 |  8.5
Shields        | 1 2 3 4 5 6 7 8 10 | 10.5
Stealth        | 3 4 5 6 |  6.4
Spellcasting   | 1 2 3 4 5 6 7 8 9 10 11 | 11.8
Fire Magic     | 2 4 5 6 7 8 9 10 | 10.7
Conjurations   | 2 3 4 6 7 9 10 11 | 11.2
Evocations     | 1 2 3 4 |  4.1
Translocations | 2 3 4 5 6 7 8 9 10 | 10.5
Hexes          | 1 2 |  2.2
Earth Magic    | 5 8 10 | 10.7
Axes           | 1 |  1.2
Throwing       | 1 |  1.1
Crossbows      | 3 4 |  4.3

Action                   |  1- 3 |  4- 6 |  7- 9 | 10-12 | 13-15 | 16-18 | 19-21 || total
-------------------------+-------+-------+-------+-------+-------+-------+-------++-------
Melee: Mace              |   101 |       |       |       |       |       |       ||   101
       Whip              |     5 |   154 |       |       |       |       |       ||   159
       Eveningstar       |       |       |   280 |   600 |  1257 |  1582 |  1309 ||  5028
       Shillelagh        |       |       |       |       |    58 |       |       ||    58
       Battleaxe         |       |       |       |       |       |    16 |       ||    16
 Fire: Hand crossbow     |       |       |       |       |       |   137 |    52 ||   189
Throw: Tomahawk          |       |       |       |       |       |    47 |       ||    47
 Cast: Iskenderun's Myst |       |       |       |    10 |    12 |     4 |       ||    26
       Force Lance       |       |       |       |     7 |    15 |       |       ||    22
       Fulminant Prism   |       |       |       |     5 |    36 |     2 |       ||    43
       Bolt of Fire      |       |       |       |       |     1 |       |       ||     1
       Fireball          |       |       |       |       |     7 |       |       ||     7
       Bolt of Magma     |       |       |       |       |       |    31 |       ||    31
       Confuse           |       |       |       |       |       |       |     6 ||     6
 Abil: Fly               |       |       |       |       |     1 |       |       ||     1
Evoke: Wand              |       |       |     9 |    73 |    26 |    40 |    19 ||   167
       Lightning rod     |       |       |       |       |     1 |     7 |     7 ||    15
       Phial of floods   |       |       |       |       |     1 |     5 |     1 ||     7
       Lamp of fire      |       |       |       |       |       |     2 |       ||     2
  Use: Scroll            |       |     7 |    12 |    12 |     8 |    12 |     7 ||    58
       Potion            |       |       |     1 |    12 |    10 |    11 |     4 ||    38
 Stab: Sleeping          |     4 |     1 |     1 |     9 |    23 |     4 |    13 ||    55
       Invisible         |       |       |       |     1 |       |       |       ||     1
       Distracted        |       |       |       |       |     3 |     3 |     3 ||     9
  Eat: Chunk             |       |     6 |    13 |    22 |    40 |    32 |    31 ||   144
       Ration            |       |       |       |       |     5 |     6 |     1 ||    12
Armor: Robe              |    44 |       |       |       |       |       |       ||    44
       Leather armour    |     2 |    46 |   108 |   226 |   431 |    87 |       ||   900
       Ring mail         |       |       |       |       |       |   635 |   449 ||  1084
Dodge: Dodged            |    78 |    66 |   144 |   313 |   493 |   642 |   431 ||  2167
Block: Buckler           |    10 |    13 |    62 |   211 |   111 |       |       ||   407
       Shield            |       |       |       |       |   290 |   876 |   602 ||  1768
